 Dungeon Crawl Stone Soup version 0.31-a0-844-gdc52ec4e09 (webtiles) character file.

Game seed: 594992418675982530

2972 BinkBink the Sneak (level 9, -16/62 HPs)
             Began as an Octopode Shapeshifter on Sept 28, 2023.
             Was a Priest of Dithmenos.
             Shot with a bolt by a tengu warrior (38 damage)
             ... on level 8 of the Dungeon.
             The game lasted 00:21:03 (6274 turns).

BinkBink the Sneak (Octopode Shapeshifter)          Turns: 6274, Time: 00:21:04

Health: -16/62     AC:  1    Str: 13    XL:     9   Next: 82%
Magic:  9/9        EV: 17    Int: 11    God:    Dithmenos [***...]
Gold:   391        SH:  0    Dex: 19    Spells: 8/8 levels left

rFire   . .          .
                       - Unarmed
rCold   . . .        (no shield)
rNeg    . . .        (helmet currently unavailable)
rPois   .            (no amulet)
rElec   .            (no ring)
rCorr   .            (no ring)
SInv    .            (no ring)
Will    .....        (no ring)
Stlth   +++++++      (no ring)
HPRegen 0.30/turn    (no ring)
MPRegen 0.11/turn    (no ring)
                     (no ring)

%: clarity
@: beast-form, wreathed by umbra
A: beast (slay +3), almost no armour, amphibious, 8 rings, camouflage 1,
gelatinous body 1, (nimble swimmer 1), tentacles, agile 1, clarity
a: Begin Untransformation, Renounce Religion, Shadow Step


You were on level 8 of the Dungeon.
You worshipped Dithmenos.
Dithmenos was most pleased with you.
You were a hulking beast.
You visited 2 branches of the dungeon, and saw 9 of its levels.
You also visited: Ossuary.

You collected 391 gold pieces.

Inventory:

Hand Weapons
 v - the +1 flail of the Shrike {freeze, *Corrode rElec rF++ Int+2}
   (You found it on level 7 of the Dungeon)

   Int+2:     It affects your intelligence (+2).
   rF++:      It greatly protects you from fire.
   rElec:     It insulates you from electricity.
   *Corrode:  It may corrode you when you take damage.
Talismans
 b - a beast talisman (active)
 c - a flux talisman
 k - a serpent talisman
Wands
 h - a wand of roots (7)
 j - a wand of mindburst (11)
Scrolls
 g - a scroll of silence
 i - 2 scrolls of immolation
 l - 2 scrolls of enchant armour {unknown}
 m - 2 scrolls of fear {unknown}
 p - a scroll of enchant weapon
 r - a scroll of acquirement {unknown}
 s - a scroll of poison {unknown}
 t - a scroll of revelation
 x - a scroll of identify
Potions
 a - a potion of lignification
 d - a potion of brilliance
 e - a potion of cancellation
 f - 7 potions of curing
 n - a potion of resistance {unknown}
 q - a potion of magic {unknown}
 u - a potion of might {unknown}
 w - a potion of attraction {unknown}


   Skills:
 + Level 6.0 Fighting
 + Level 6.3 Dodging
 + Level 7.8 Stealth
 + Level 6.7 Unarmed Combat
 + Level 6.2 Shapeshifting


You had 8 spell levels left.
You didn't know any spells.
Your spell library contained the following spells:

 Spells                   Type           Power      Damage    Failure   Level
 Apportation              Tloc           0%         N/A       34%         1
 Cigotuvi's Dreadful Rot  Necr/Pois/Air  0%         N/A       47%         2
 Jinxbite                 Hex            0%         N/A       47%         2
 Gell's Gravitas          Tloc           0%         N/A       71%         3
 Ignite Poison            Fire/Tmut/Pois 0%         N/A       71%         3
 Teleport Other           Tloc           0%         N/A       71%         3
 Tukima's Dance           Hex            0%         N/A       71%         3
 Dispel Undead            Necr           0%         3d6       98%         4
 Passage of Golubria      Tloc           0%         N/A       98%         4
 Sticky Flame             Conj/Fire      0%         2d3       98%         4
 Alistair's Intoxication  Tmut/Pois      0%         N/A       100%        5
 Yara's Violent Unravell  Hex/Tmut       0%         3d3       100%        5
 Death Channel            Necr           0%         N/A       100%        6
 Dispersal                Tloc           0%         N/A       100%        6
 Ignition                 Fire           0%         3d3       100%        8


Dungeon Overview and Level Annotations

Branches:
Dungeon (8/15)             Temple (1/1) D:4         Ossuary (visited)
   Lair: D:8-11

Altars:
Ashenzari
Cheibriados
Dithmenos
Elyvilon
Fedhas
Gozag
Kikubaaqudgha
Nemelex Xobeh
Qazlal
Ru
Trog
Uskayaw
Vehumet
Xom
Yredelemnul
Zin
The Shining One

Shops:
D:1 [   D:7 !


Innate Abilities, Weirdness & Mutations

You are a hulking beast.
Your limbs bulge with bestial killing power. (Slay +3)
You cannot wear most types of armour.
You are amphibious.
You can wear up to eight rings at the same time.
Your skin changes colour to match your surroundings (Stealth+).
Your rubbery body absorbs attacks. (AC +1, EV +1)
((You are camouflaged when in or above water. (Stealth+)))
You have tentacles for arms and can constrict up to eight enemies at once.
You are agile. (Dex +4, Str/Int -1)
You possess an exceptional clarity of mind.


Message History

The magic dart hits you!
You tentacle-slap something. Your squeeze misses something.
You constrict the orc warrior. The orc warrior completely misses you.
Something hits you!
You tentacle-slap something. Dithmenos accepts your kill.
Reactivating autopickup.
You feel a bit more experienced.
You constrict the orc warrior. The orc warrior completely misses you.
Your Fighting skill increases to level 6!
You bludgeon the orc warrior!
You kill the orc warrior!
Dithmenos accepts your kill.
Deactivating autopickup; reactivate with Ctrl-A.
You tentacle-slap something but do no damage.
Your tentacle-slap misses something.
Your squeeze misses something. Something barely misses you.
You barely miss something. Something hits you.
You completely miss something. You tentacle-slap something. Something hits you.
You tentacle-slap something. Something hits you but does no damage.
You barely miss something. Something hits you.
You miss something. Something completely misses you.
You miss something. You squeeze something. Something hits you.
You miss something. You squeeze something. Dithmenos accepts your kill.
Reactivating autopickup.
You feel a bit more experienced.
A tengu warrior comes into view.
It is wielding a +1 war axe of electrocution.
The tengu warrior unwields a +1 war axe of electrocution.
It stops crackling.
The tengu warrior wields a +0 arbalest.
The tengu warrior shoots a bolt.
The bolt hits you!
The tengu warrior shoots a bolt.
The bolt hits you!!
* * * LOW HITPOINT WARNING * * *
You feel much better.
The tengu warrior shoots a bolt.
The bolt hits you!!
As you read the scroll of immolation, it crumbles to dust.
The creatures around you are filled with an inner flame!
The tengu warrior shoots a bolt.
The bolt hits you!!!
Ouch! That really hurt!
You die...

..... ..............'
###.... ...............#
.......#####..#.....#####..#
..............#.#..........#
#.........................#
#............#......#..##
#......................##
#...)######'###...###..##
#...)'..h..............##
#.Q..#.......####.......#
#.#+##.......# #.##..... #.
#.......# #.##..... #
#.......# #.##..###
......####'#####.....#
.#....# #..........##
..##### ############ ..


You could see a tengu warrior (inner flame).

Vanquished Creatures
  Duvessa (D:6)
  A sky beast (D:4)
  2 orc warriors
  2 black bears (D:6)
  An ice beast (D:6)
  A kobold brigand (D:8)
  2 bullfrogs
  3 necrophages (D:6)
  A wyvern zombie (D:6)
  5 scorpions
  2 water moccasin zombies
  6 wights
  Dowan (D:6)
  3 crimson imps (D:5)
  A bullfrog zombie (Ossuary)
  3 centaur zombies
  6 hounds
  A jelly (D:5)
  2 orc priests (D:6)
  A human zombie (Ossuary)
  2 iguanas
  7 orc wizards
  A scorpion zombie (Ossuary)
  2 ogre zombies (Ossuary)
  6 gnolls
  9 adders
  3 white imps
  2 adder zombies (Ossuary)
  A worm (D:4)
  3 dart slugs
  31 orcs
  11 endoplasms
  6 giant cockroaches
  6 gnoll zombies (Ossuary)
  5 goblins
  5 hobgoblins
  4 jackals (D:1)
  6 quokkas
  9 ball pythons
  8 bats
  3 frilled lizards
  3 goblin zombies
  3 hobgoblin zombies (Ossuary)
  7 kobolds
  5 orc zombies (Ossuary)
  6 rats
  A rat zombie (D:7)
200 creatures vanquished.

Notes
Turn   | Place    | Note
-------+----------+-------------------------------------------
     0 | D:1      | BinkBink the Octopode Shapeshifter began the quest for the
                  | Orb.
     0 | D:1      | Reached XP level 1. HP: 13/13 MP: 1/1
   105 | D:1      | Reached XP level 2. HP: 15/18 MP: 2/2
   207 | D:1      | Reached XP level 3. HP: 20/23 MP: 3/3
   309 | D:1      | Found Wiatemuz's Armour Shop.
   639 | D:2      | Reached XP level 4. HP: 26/29 MP: 4/4
  1313 | D:3      | Found a bloodstained altar of Trog.
  1662 | D:3      | Reached XP level 5. HP: 17/34 MP: 5/5
  1856 | D:4      | Found a staircase to the Ecumenical Temple.
  1872 | Temple   | Entered the Ecumenical Temple
  1995 | Temple   | Became a worshipper of Dithmenos the Shadowed
  2051 | D:4      | Found a snail-covered altar of Cheibriados.
  2093 | D:4      | Reached skill level 1 in Stealth
  2203 | D:4      | Reached XP level 6. HP: 33/41 MP: 6/6
  2304 | D:4      | Found a stormy altar of Qazlal.
  2304 | D:4      | Noticed a sky beast
  2317 | D:4      | Reached skill level 2 in Stealth
  2442 | D:4      | Killed a sky beast
  2501 | D:4      | Reached skill level 3 in Stealth
  2501 | D:4      | Reached XP level 7. HP: 32/46 MP: 7/7
  2736 | D:4      | Gained mutation: You are agile. (Dex +4, Str/Int -1)
                  | [potion of mutation]
  2736 | D:4      | Gained mutation: You possess an exceptional clarity of
                  | mind. [potion of mutation]
  2754 | D:5      | Entered Level 5 of the Dungeon
  3004 | D:5      | You fall into a shaft and drop 1 floor!
  3026 | D:6      | Found a blossoming altar of Fedhas.
  3032 | D:6      | Reached skill level 4 in Stealth
  3047 | D:6      | Reached * piety under Dithmenos
  3491 | D:5      | Found a shimmering altar of Xom.
  3508 | D:5      | Reached skill level 5 in Unarmed Combat
  3508 | D:5      | Reached XP level 8. HP: 52/54 MP: 8/8
  3576 | D:6      | Noticed Dowan
  3592 | D:6      | Noticed Duvessa
  3608 | D:6      | Killed Duvessa
  3611 | D:6      | Killed Dowan
  3728 | D:6      | Reached skill level 5 in Stealth
  3776 | D:6      | Reached skill level 5 in Shapeshifting
  3809 | D:6      | Reached skill level 5 in Dodging
  3981 | D:6      | Reached skill level 6 in Stealth
  4017 | D:6      | Reached skill level 5 in Fighting
  4017 | D:6      | Reached XP level 9. HP: 27/61 MP: 9/9
  4165 | D:6      | Reached ** piety under Dithmenos
  4789 | D:6      | Reached skill level 7 in Stealth
  4864 | D:7      | Found Beraulon's Distillery.
  4895 | D:7      | Found a sand-covered staircase.
  4912 | Ossuary  | Entered an ossuary
  5037 | Ossuary  | Reached *** piety under Dithmenos
  5285 | Ossuary  | Noticed a silent spectre
  5395 | D:7      | Identified the +1 flail of the Shrike {freeze, *Corrode
                  | rElec rF++ Int+2}
  5549 | D:7      | Found a hide-covered altar of Uskayaw.
  5549 | D:7      | Found a broken altar of Ashenzari.
  6269 | D:8      | Noticed a tengu warrior
  6274 | D:8      | Shot with a bolt by a tengu warrior

Illustrated notes

Levels and vault maps discovered:
D:1:      lightli_arrival_lavapool, layout_rooms, serial_shops,
          nicolae_shop_tiny_real_fake_doors
D:2:      layout_rooms
D:3:      layout_basic, nicolae_overflow_crystal_walls, st_stairs_12,
          nicolae_elevator_lobby_plus
D:4:      layout_cave_pools, nicolae_qazlal_beasts_of_the_sky,
          cheibriados_altar_1, minmay_temple_entry_glass
D:5:      layout_basic, led_xom_imps
D:6:      layout_basic, fedhas_altar_decomposition, uniq_duvessa
D:7:      layout_basic, nicolae_overflow_two_pavilions, enter_ossuary_4,
          serial_shops, nicolae_shop_hallway_stairs
D:8:      minmay_bloctagon_deflated, layout_basic, nicolae_zen_rock_garden
Temple:   nicolae_temple_bog_church

Skill      XL: |  1  2  3  4  5  6  7  8  9 |
---------------+----------------------------+-----
Fighting       | 2 3 4 5 6 |  6.0
Dodging        | 3 4 5 6 |  6.3
Stealth        | 1 3 4 6 7 |  7.8
Unarmed Combat | 4 5 6 |  6.7
Shapeshifting  | 4 5 6 |  6.2

Action                     |  1- 3 |  4- 6 |  7- 9 || total
---------------------------+-------+-------+-------++-------
  Melee: Unarmed           |    74 |   114 |   315 ||   503
         Tentacles         |    14 |    23 |    87 ||   124
         Constrict         |    24 |    26 |    78 ||   128
         Punch             |     3 |     3 |    27 ||    33
    Use: Potion            |     2 |     2 |     4 ||     8
         Scroll            |     1 |     5 |     8 ||    14
   Stab: Sleeping          |     2 |    12 |    21 ||    35
         Distracted        |       |       |     1 ||     1
 Armour: Skin              |    32 |    49 |   106 ||   187
  Dodge: Dodged            |    56 |    69 |   202 ||   327

Table legend: (Time is in decaauts)
 A = Elapsed time spent in this place.
 B = Non-inter-level travel time spent in this place.
 C = Inter-level travel time spent in this place.
 D = Time resting spent in this place.
 E = Time spent auto-exploring this place.
 F = Levels seen in this place.
 G = Mean time per level.
                   A        B        C        D        E       F      G
               +--------+--------+--------+--------+--------+-----+--------+
         Total |   6225 |   5991 |    234 |      0 |   4333 |  10 |  622.5 |
       Dungeon |   5682 |   5459 |    223 |      0 |   4091 |   8 |  710.2 |
        Temple |    134 |    123 |     11 |      0 |      0 |   1 |  134.0 |
       Ossuary |    408 |    408 |      0 |      0 |    242 |   1 |  408.0 |
               +--------+--------+--------+--------+--------+-----+--------+

Top non-repeatable levels by time:
     D:6: 1226 daAuts
     D:3: 864 daAuts
     D:5: 855 daAuts
     D:4: 782 daAuts
     D:7: 776 daAuts
     D:2: 507 daAuts
     D:1: 450 daAuts
 Ossuary: 408 daAuts
     D:8: 219 daAuts
  Temple: 134 daAuts
